 Dungeon Crawl Stone Soup version 0.28.0-53-g5a82cb258f (webtiles) character file.

Game seed: 9241220944470824773

2084 Ashen the Chiller (level 9, -3/68 HPs)
             Began as a Demonspawn Ice Elementalist on July 10, 2022.
             Slain by a steam dragon (9 damage)
             ... on level 6 of the Dungeon.
             The game lasted 00:14:19 (6790 turns).

Ashen the Chiller (Demonspawn Ice Elementalist)     Turns: 6790, Time: 00:14:19

Health: -3/68      AC: 10    Str:  9    XL:     9   Next: 6%
Magic:  11/16      EV: 14    Int: 21    God:
Gold:   161        SH:  4    Dex: 13    Spells: 11/18 levels left

rFire   . . .      SeeInvis .   d - +0 dagger (spect)
rCold   . . .      Faith    .   (no shield)
rNeg    . . .      Spirit   .   a - +0 robe
rPois   .          Reflect  .   (helmet restricted)
rElec   .          Harm     .   (no cloak)
rCorr   .          Rampage  .   (no gloves)
Will    .....                   y - +0 pair of boots
Stlth   +++.......              i - amulet of magic regeneration
HPRegen 0.21/turn               (no ring)
MPRegen 0.55/turn               (no ring)

@: ice-armoured (expiring)
A: antennae 2, large bone plates 1, foul stench 1
a: no special abilities


You were on level 6 of the Dungeon.
You visited 1 branch of the dungeon, and saw 6 of its levels.

You collected 161 gold pieces.

Inventory:

Hand Weapons
 d - a +0 spectral dagger (weapon)
 t - a +2 dagger of speed
Armour
 a - a +0 robe (worn)
 y - a +0 pair of boots (worn)
Jewellery
 i - an amulet of magic regeneration (around neck)
Scrolls
 b - 2 scrolls of fog
 c - 3 scrolls of immolation
 e - 2 scrolls of teleportation
 f - 5 scrolls of identify
 m - a scroll of blinking
 s - a scroll of magic mapping
 u - a scroll of noise {unknown}
 w - a scroll of acquirement {unknown}
 x - a scroll of torment {unknown}
Potions
 g - a potion of flight
 h - 3 potions of curing
 j - a potion of cancellation {unknown}
 n - 2 potions of haste {unknown}
 o - a potion of resistance {unknown}
 p - a potion of lignification {unknown}
 q - a potion of invisibility {unknown}
 r - a potion of might {unknown}
 v - a potion of degeneration {unknown}
 z - a potion of berserk rage {unknown}


   Skills:
 + Level 5.1 Fighting
 + Level 5.1 Dodging
 + Level 5.5 Stealth
 + Level 5.1 Spellcasting
 + Level 6.1 Ice Magic


You had 11 spell levels left.
You knew the following spells:

 Your Spells              Type           Power      Damage    Failure   Level
a - Freeze                Ice            100%       1d11      1%          1
b - Frozen Ramparts       Ice            62%        1d8       2%          3
c - Ozocubu's Armour      Ice            31%        N/A       2%          3

Your spell library contained the following spells:

 Spells                   Type           Power      Damage    Failure   Level
 Animate Skeleton         Necr           10%        N/A       11%         1
 Foxfire                  Conj/Fire      20%        2x1d5     11%         1
 Pain                     Necr           20%        1d5       11%         1
 Shock                    Conj/Air       20%        1d4       11%         1
 Hailstorm                Conj/Ice       18%        3d6       30%         4
 Conjure Flame            Conj/Fire      5%         6-21      32%         3
 Inner Flame              Hex/Fire       5%         N/A       32%         3
 Swiftness                Air            5%         N/A       32%         3
 Vampiric Draining        Necr           5%         2d6       32%         3
 Airstrike                Air            2%         N/A       71%         4
 Flame Wave               Conj/Fire      5%         2d5       71%         4


Dungeon Overview and Level Annotations

Branches:
Dungeon (6/15)
 Temple: D:4-7

Altars:
Ru


Innate Abilities, Weirdness & Mutations

You have a pair of antennae on your head.
You are partially covered in large bone plates. (SH +4)
You may rarely emit foul miasma when damaged in melee.


Message History

Confirm with . or Enter, or press ? or * to list all spells.
Aiming: Freeze (safe; 1% risk of failure)
Press: ? - help, Shift-Dir - straight line, f/p - hound
Aim: a hound (moderately wounded)
You freeze the hound!
The hound is severely wounded.
The hound closely misses you. The hound bites you.
Casting: Freeze (safe; 1% risk of failure)
Confirm with . or Enter, or press ? or * to list all spells.
Aiming: Freeze (safe; 1% risk of failure)
Press: ? - help, Shift-Dir - straight line, f/p - hound
Aim: a hound (severely wounded)
You freeze the hound!
You kill the hound!
Casting: Freeze (safe; 1% risk of failure)
Confirm with . or Enter, or press ? or * to list all spells.
A film of ice covers your body!
You hear the hiss of an avalanche of sand.
Casting: Ozocubu's Armour (dangerous; 2% risk of failure)
Confirm with . or Enter, or press ? or * to list all spells.
Aiming: Freeze (safe; 1% risk of failure)
Press: ? - help, Shift-Dir - straight line, f - steam dragon
Aim: a steam dragon You freeze the steam dragon!
The steam dragon is moderately wounded.
The steam dragon breathes steam at you. The ball of steam hits you!!
* * * LOW HITPOINT WARNING * * *
The heat melts your icy armour.
It was a potion of curing.
You feel better.
You are engulfed in a cloud of scalding steam.
* * * LOW HITPOINT WARNING * * *
The steam dragon breathes steam at you. The ball of steam misses you.
The heat melts your icy armour.
You feel better.
You are engulfed in a cloud of scalding steam.
* * * LOW HITPOINT WARNING * * *
The steam dragon bites you!
You die...

*,,,+..,+.$.+,,,,,,,,,+...
*,**#...#...####+######...
*<***...#..§..............
****,,#......§............
**,,**#...§§..........)..
*,,**,*#...§§§...........
*,**,∩,##................
*,,+*,##†§...............
*,,,**#.@#...............
*,*,,#.D#######+#........
*,,....#* *,###......
**#...#********,* #######
#...,,,,,,,,,,* ****
***#..,,,,,,,,,,,* ***≈≈≈
*,...,,,,,,,,,,,,* *≈≈≈≈≈
**###**,,,,,,,,,*******≈≈≈
*,,,,,,,,,**,,,,***≈


You could see a steam dragon (catching breath).

Vanquished Creatures
  A wyvern (D:6)
  3 vampire mosquitoes (D:5)
  An orc warrior (D:6)
  2 black bears
  A centaur (D:4)
  An ogre (D:3)
  A phantom (D:4)
  A bullfrog (D:6)
  2 scorpions (D:4)
  2 water moccasin skeletons
  A bullfrog zombie (D:5)
  4 hounds
  4 orc priests
  2 bullfrog skeletons
  5 iguanas
  3 orc wizards
  A hound skeleton (D:4)
  A gnoll (D:1)
  A howler monkey skeleton (D:6)
  7 adders
  An adder skeleton (D:4)
  A worm (D:3)
  4 dart slugs
  19 orcs
  6 ball pythons
  6 bats
  7 endoplasms
  4 giant cockroaches
  2 hobgoblins
  7 jackals
  3 quokkas
  12 frilled lizards
  8 goblins
  9 kobolds
  4 rats
137 creatures vanquished.

Vanquished Creatures (others)
  6 plants (D:5)
6 creatures vanquished.

Grand Total: 143 creatures vanquished

Notes
Turn   | Place    | Note
-------+----------+-------------------------------------------
     0 | D:1      | Ashen the Demonspawn Ice Elementalist began the quest for
                  | the Orb.
     0 | D:1      | Reached XP level 1. HP: 13/13 MP: 3/3
   146 | D:1      | Found a faded altar of an unknown god.
   247 | D:1      | Gained mutation: You are partially covered in large bone
                  | plates. (SH +4) [demonic ancestry]
   247 | D:1      | Reached XP level 2. HP: 10/20 MP: 3/5
   731 | D:1      | Reached skill level 1 in Fighting
   988 | D:1      | Reached XP level 3. HP: 25/26 MP: 4/6
  1007 | D:1      | Learned a level 3 spell: Frozen Ramparts
  1724 | D:2      | Reached XP level 4. HP: 21/32 MP: 3/7
  1884 | D:1      | Learned a level 3 spell: Ozocubu's Armour
  2147 | D:2      | Reached skill level 4 in Ice Magic
  2720 | D:3      | Noticed an ogre
  2821 | D:3      | Gained mutation: You have a pair of small antennae on your
                  | head. [demonic ancestry]
  2821 | D:3      | Reached XP level 5. HP: 38/38 MP: 9/9
  2825 | D:3      | Found a sacrificial altar of Ru.
  2947 | D:3      | Killed an ogre
  3462 | D:4      | Reached XP level 6. HP: 46/46 MP: 8/10
  3926 | D:4      | Reached XP level 7. HP: 42/52 MP: 7/12
  4468 | D:4      | Reached skill level 5 in Ice Magic
  4876 | D:5      | Entered Level 5 of the Dungeon
  5495 | D:4      | Gained mutation: You may rarely emit foul miasma when
                  | damaged in melee. [demonic ancestry]
  5495 | D:4      | Reached XP level 8. HP: 15/60 MP: 14/14
  6084 | D:5      | Reached skill level 5 in Stealth
  6608 | D:6      | Reached skill level 5 in Spellcasting
  6611 | D:6      | Reached skill level 5 in Fighting
  6611 | D:6      | Reached skill level 5 in Dodging
  6611 | D:6      | Reached skill level 6 in Ice Magic
  6730 | D:6      | Gained mutation: You have a pair of antennae on your head.
                  | [demonic ancestry]
  6730 | D:6      | Reached XP level 9. HP: 52/68 MP: 8/16
  6790 | D:6      | Slain by a steam dragon

Illustrated notes

Levels and vault maps discovered:
D:1:      lightli_arrival_flooded_house, layout_basic,
          hellmonk_ecumenical_altar_blasted, hangedman_decor_growths
D:2:      minmay_kobold_bridge, layout_rooms
D:3:      layout_basic, mainiacjoe_overflow_chevrons, minmay_distorted
D:4:      layout_cave_pools
D:5:      layout_basic, minmay_lizard_king
D:6:      cheibrodos_thug_alley, layout_basic, enter_ossuary_5

Skill      XL: |  1  2  3  4  5  6  7  8 |
---------------+-------------------------+-----
Stealth        | 2 3 4 5 |  5.5
Dodging        | 2 3 4 5 |  5.1
Fighting       | 1 2 3 5 |  5.1
Ice Magic      | 4 5 6 |  6.1
Spellcasting   | 3 4 5 |  5.1

Action                   |  1- 3 |  4- 6 |  7- 9 || total
-------------------------+-------+-------+-------++-------
Melee: Unarmed           |     6 |       |       ||     6
       Dagger            |    36 |    85 |   271 ||   392
       Punch             |       |     2 |     6 ||     8
 Cast: Freeze            |    38 |    35 |    32 ||   105
       Ozocubu's Armour  |       |     3 |    22 ||    25
       Frozen Ramparts   |       |     5 |    15 ||    20
  Use: Scroll            |       |       |     7 ||     7
       Potion            |       |       |     2 ||     2
 Stab: Sleeping          |     5 |     9 |     4 ||    18
Armor: Robe              |     9 |    29 |    67 ||   105
Dodge: Dodged            |    60 |    72 |   165 ||   297
Block: Other             |     5 |    19 |    41 ||    65
